 Dungeon Crawl Stone Soup version 0.14.0-12-g87ee3b7 (webtiles) character file.

92 BlackAndWhite the Insei (level 3, -3/26 HPs)
             Began as a Demonspawn Transmuter on Apr 17, 2014.
             Splashed with acid (5 damage)
             ... on Level 2 of the Dungeon.
             The game lasted 00:01:48 (1647 turns).

BlackAndWhite the Insei (Demonspawn Transmuter)     Turns: 1647, Time: 00:01:48

HP  -3/26        AC  4     Str 11      XL: 3   Next: 83%
MP   5/6         EV 12     Int 14      God:
Gold 31          SH  0     Dex 13      Spells:  1 memorised,  6 levels left

rFire  . . .     SeeInvis .       - Unarmed
rCold  . . .     Clarity  .     c - -2 robe
rNeg   . . .     Conserve .     (no shield)
rPois  .         rCorr    .     (no helmet)
rElec  .         rRot     .     (no cloak)
SustAb . .       Spirit   .     (no gloves)
rMut   .         Warding  .     (boots unavailable)
Saprov + . .     Stasis   .     (no amulet)
MR     .....                    (no ring)
                                (no ring)

@: appendage, not resistant to hostile enchantments, unstealthy
A: talons 3, iridescent scales 1, saprovore 1
a: End Transformation


You were on level 2 of the Dungeon.
You were near starving.
You had grown temporary talons.
You visited 1 branch of the dungeon, and saw 2 of its levels.

You collected 31 gold pieces.

Inventory:

Missiles
 b - 12 arrows
Armour
 c - a -2 robe (worn)
Comestibles
 a - 2 bread rations
 l - a meat ration
Scrolls
 e - a scroll of magic mapping {unknown}
 h - 2 scrolls of enchant weapon I {unknown}
 j - 2 scrolls of teleportation {unknown}
 k - a scroll of recharging {unknown}
 o - 3 scrolls of identify {unknown}
 p - a scroll of fog {unknown}
 s - a scroll of remove curse {unknown}
 t - a scroll of enchant weapon II {unknown}
Potions
 f - a potion of paralysis {unknown}
 g - a potion of curing
 i - a potion of heal wounds {unknown}
 m - 2 potions of flight {unknown}
 n - a potion of mutation {unknown}
 q - a potion of poison {unknown}
 r - 3 potions of might {unknown}
 u - 2 potions of haste {unknown}
Books
 d - a book of Changes

   Spells                             Type                      Level
   *Beastly Appendage                 Transmutation                1
   Sticks to Snakes                   Transmutation                2
   Spider Form                        Transmutation/Poison         3
   Ice Form                           Ice/Transmutation            4
   Blade Hands                        Transmutation                5


   Skills:
 + Level 1.4 Fighting
 + Level 2.1 Dodging
 * Level 3.2 Unarmed Combat
 + Level 2.6 Spellcasting
 + Level 2.2 Transmutations


You had 6 spell levels left.
You knew the following spells:

 Your Spells              Type           Power        Failure   Level  Hunger
a - Beastly Appendage     Trmt           #.....       12%         1    #......


Dungeon Overview and Level Annotations

Branches:
Dungeon (2/15)

Altars:
Okawaru


Innate Abilities, Weirdness & Mutations

You are partially covered in iridescent scales (AC +4).
You can tolerate rotten meat.
You have claws for feet.


Message History

The jelly is lightly wounded.
The jelly misses you.
You hit the jelly.
Your hands burn!
The jelly is moderately wounded.
The jelly barely misses you.
You hit the jelly.
Your hands burn!
The jelly is severely wounded.
The jelly hits you but does no damage.
You hit the jelly.
Your hands burn!
The jelly is severely wounded.
The jelly barely misses you.
You hit the jelly.
Your hands burn!
You claw the jelly.
The jelly is almost dead.
The jelly hits you.
You are splashed with acid!
The acid corrodes your -1 robe!
The acid burns!
* * * LOW HITPOINT WARNING * * *
You are too injured to fight recklessly!
You are too injured to fight recklessly!
You hit the jelly.
Your hands burn!
You die...

#######........#
#>........#
#.........######
#.........#....##### # ##
####................
##)##.##.##......#....#####
.........##......#....#
......≈...##......#....#
≈........J.@......#....#
.....≈..≈.##......#....#
...≈..(..##...####....#
##.##.##.##...........# #
#######...#####.### #.
#........# #.# ###.##
#.#........# #.# .......
...........# #.#
.......#####........#####.#


You could see an ooze.

Vanquished Creatures
  A jelly (D:2)
  A giant mite (D:2)
  4 oozes
  2 bats
  2 goblins (D:1)
  4 hobgoblins
  2 giant newts (D:1)
  3 kobolds
  4 rats (D:1)
23 creatures vanquished.

Vanquished Creatures (others)
  A toadstool (D:2)
1 creature vanquished.

Grand Total: 24 creatures vanquished

Notes
Turn   | Place    | Note
--------------------------------------------------------------
     0 | D:1      | BlackAndWhite, the Demonspawn Transmuter, began the quest for the Orb.
     0 | D:1      | Reached XP level 1. HP: 15/15 MP: 3/3
   516 | D:1      | Gained mutation: You are partially covered in iridescent scales (AC +4). [demonic ancestry]
   516 | D:1      | Reached XP level 2. HP: 21/21 MP: 2/4
  1141 | D:2      | Found an iron altar of Okawaru.
  1157 | D:2      | Reached skill level 3 in Unarmed Combat
  1369 | D:2      | Gained mutation: You can tolerate rotten meat. [demonic ancestry]
  1369 | D:2      | Reached XP level 3. HP: 22/26 MP: 4/6
  1647 | D:2      | Splashed with acid

Action                   || total
-------------------------++-------
Melee: Unarmed           ||    92
 Cast: Beastly Appendage ||    16
  Use: Potion            ||     1
